Wild vs Wolves

Created - Saturday, November 14, 2015 at 03:12

Goals
1 2 3 OT1 SO T
Wild 0 1 0 0 2 2
Wolves 1 0 0 0 1 1
Shots
1 2 3 OT1 SO T
Wild 7 15 9 0 5 31
Wolves 11 5 13 1 5 30

1st period

1. Wolves , Joakim Nordstrom 4 (Joe Vitale, Ryan Reaves) at 18:58 (PP)

Penalties :
Ryan Reaves (CHI) for Roughing (Minor) at 0:11, Eric Baier (CHI) for Fighting (Major) at 2:35, Steve Eminger (IOW) for Fighting (Major) at 2:35, Ryan Reaves (CHI) for Fighting (Major) at 4:19, Jani Hakanpaa (IOW) for Fighting (Major) at 4:19, Alex Friesen (IOW) for Hooking (Minor) at 4:27, Nick Tuzzolino (IOW) for Hooking (Minor) at 17:17, Steve Eminger (IOW) for High sticking (Minor) at 19:09

2nd period

2. Wild , Colin Stuart 3 (Jerome Leduc, Micheal Haley) at 17:42 (PP)

Penalties :
Joe Piskula (CHI) for Fighting (Major) at 12:29, Jon Landry (IOW) for Fighting (Major) at 12:29, Adam Pelech (CHI) for Tripping (Minor) at 15:29, Blair Jones (CHI) for Roughing (Minor) at 16:42, Joe Piskula (CHI) for Fighting (Major) at 19:42, Steve Eminger (IOW) for Fighting (Major) at 19:42, Ryan Reaves (CHI) for Fighting (Major) at 19:49, Jani Hakanpaa (IOW) for Fighting (Major) at 19:49

3rd period

No Goal

Penalties :
Ryan Reaves (CHI) for Fighting (Major / Game Misconduct) at 15:22, Colin Stuart (IOW) for Fighting (Major) at 15:22

Overtime #1

No Goal

Penalties :
No Penalty

Shootout

Penalty Shot by Colin Stuart for Wild - Stopped by Jared Coreau
Penalty Shot by Colton Sissons for Wolves - Stopped by Jordan Binnington
Penalty Shot by Dana Tyrell for Wild - Stopped by Jared Coreau
Penalty Shot by Joe Whitney for Wolves - Stopped by Jordan Binnington
Penalty Shot by Mark Van Guilder for Wild - Stopped by Jared Coreau
Penalty Shot by Joakim Nordstrom for Wolves - Stopped by Jordan Binnington
Penalty Shot by Micheal Haley for Wild - Goal!
Penalty Shot by Brian O'Neill for Wolves - Goal!
Penalty Shot by David Wolf for Wild - Goal!
Penalty Shot by Evan Rankin for Wolves - Stopped by Jordan Binnington

Penalties :
No Penalty

Goalie Stats

Jordan Binnington (IOW), 29 saves from 30 shots - (0.967), W, 5-5-4, 65:00 minutes
Jared Coreau (CHI), 30 saves from 31 shots - (0.968), OTL, 6-2-2, 65:00 minutes

Players Stats for Wild

Player Name              G  A  P  +/- PIM S  H  SB GA TA FO     MP     PP MP  PK MP  
------------------------------------------------------------------------------------
Alex Friesen             0  0  0   0  2   2  2  2  2  0  2/9    16:00   0:00   3:06 
Anthony Camara           0  0  0   0  0   0  1  0  3  0  0/0    14:08   0:00   0:00 
Colin Stuart             1  0  1   0  5   6  0  0  4  0  1/1    14:59   2:22   0:00 
Dan Catenacci            0  0  0   0  0   3  2  0  2  0  2/2    17:05   0:00   1:18 
Dana Tyrell              0  0  0   0  0   0  1  0  0  0  0/4    24:16   2:22   4:20 
Danny Hobbs              0  0  0   0  0   2  1  0  4  0  0/1    14:45   0:00   0:00 
David Wolf               0  0  0   0  0   8  2  0  3  0  12/24  18:33   1:50   0:00 
Francis Wathier          0  0  0   0  0   0  1  1  0  1  0/0    10:10   0:00   0:04 
Garrett Mitchell         0  0  0   0  0   2  2  0  5  0  0/0    11:34   1:50   0:00 
Jani Hakanpaa            0  0  0   0  10  0  3  0  0  1  0/0    24:29   2:31   2:50 
Jerome Leduc             0  1  1   0  0   3  0  1  0  1  0/0    24:41   1:41   2:38 
Jon Landry               0  0  0   0  5   1  2  2  0  3  0/0    19:19   0:00   1:01 
Mark Van Guilder         0  0  0   0  0   0  1  0  2  0  4/10   18:03   1:50   1:15 
Micheal Haley            0  1  1   0  0   2  3  0  1  1  2/2    15:25   2:22   1:15 
Mike Moore               0  0  0   0  0   1  2  1  0  1  0/0    27:42   2:31   4:38 
Nick Tuzzolino           0  0  0   0  2   1  4  1  1  2  0/0    16:04   0:00   0:11 
Steve Eminger            0  0  0   0  12  0  1  2  1  1  0/0    17:22   1:41   0:00 
Tim Spencer              0  0  0   0  0   0  1  0  0  0  3/7     9:37   0:00   0:00 

Players Stats for Wolves

Player Name              G  A  P  +/- PIM S  H  SB GA TA FO     MP     PP MP  PK MP  
------------------------------------------------------------------------------------
Adam Pelech              0  0  0   0  2   0  2  0  1  2  0/0    16:44   0:00   0:03 
Andre Benoit             0  0  0   0  0   2  0  3  2  1  0/0    27:35   3:56   1:49 
Blair Jones              0  0  0   0  2   2  2  0  4  1  0/2    18:27   1:59   0:28 
Brian O'Neill            0  0  0   0  0   0  1  0  1  1  1/1    15:00   1:59   0:53 
Colton Sissons           0  0  0   0  0   1  2  0  2  1  8/16   16:20   1:59   0:00 
Eric Baier               0  0  0   0  5   0  2  1  0  0  0/0    13:49   0:00   1:13 
Evan Rankin              0  0  0   0  0   3  2  0  2  1  1/1    15:37   0:00   1:48 
Joakim Nordstrom         1  0  1   0  0   4  1  0  5  1  0/0    19:52   3:40   0:53 
Joe Piskula              0  0  0   0  10  2  3  1  0  0  0/0    18:36   1:43   1:13 
Joe Vitale               0  1  1   0  0   2  0  1  2  1  13/17  13:42   3:40   2:27 
Joe Whitney              0  0  0   0  0   6  1  0  1  0  5/9    19:47   1:09   0:00 
Josh Anderson            0  0  0   0  0   1  1  0  0  0  0/0    12:10   0:00   0:00 
Kevin Lynch              0  0  0   0  0   0  1  2  0  0  2/6    11:21   0:00   0:00 
Marek Tvrdon             0  0  0   0  0   2  2  0  0  0  1/1    17:21   0:04   0:00 
Matt Donovan             0  0  0   0  0   4  1  0  2  3  0/0    28:09   3:56   1:49 
Ryan Reaves              0  1  1   0  27  1  6  1  0  1  0/1    14:49   2:27   1:05 
Ryan Sproul              0  0  0   0  0   0  1  1  0  1  0/0    25:07   1:43   2:23 
Sebastian Wannstrom      0  0  0   0  0   0  1  0  0  0  3/6    10:30   0:00   0:00 

3 Stars

1 - Jared Coreau (CHI)
2 - Jordan Binnington (IOW)
3 - Joakim Nordstrom (CHI)

Power Play

Wild - 1 on 3 Attempt(s) - 33.33%
Wolves - 1 on 3 Attempt(s) - 33.33%

Penalty Kill

Wild - 2 on 3 Attempt(s) - 66.67% - Score 0 goal in Penalty Kill
Wolves - 2 on 3 Attempt(s) - 66.67% - Score 0 goal in Penalty Kill

Team Stat

Wild - Hits : 29 - Faceoff Wins : 26 - Blocked Shots : 10 - Penalty Minutes : 36
Wolves - Hits : 29 - Faceoff Wins : 34 - Blocked Shots : 10 - Penalty Minutes : 46

Official

Referees : Unknown
Linesman : Unknown

Game Notes

Eric Baier and Steve Eminger fight to a draw at 2:35 of 1st period
Jani Hakanpaa beats up Ryan Reaves at 4:19 of 1st period
Joe Piskula and Jon Landry fight to a draw at 12:29 of 2nd period
Joe Piskula and Steve Eminger fight to a draw at 19:42 of 2nd period
Joe Vitale is injured at 19:44 of 2nd period (Abdominal Strain)
Ryan Reaves and Jani Hakanpaa fight to a draw at 19:49 of 2nd period
Ryan Reaves beats up Colin Stuart at 15:22 of 3rd period
Ryan Reaves ejected from game at 15:22 of 3rd period

Finance

Level 1 -- Attendance: 1560 (78.00%) -- Ticket Income $43,680
Level 2 -- Attendance: 805 (80.50%) -- Ticket Income $8,050
Total Attendance: 2365 (78.83%)
Total Ticket Income: $51,730
Other Income: $25,348
Total Income: $77,078

Wild

5 vs 5 Forward 
   Center                   Left Wing                Right Wing               Time % Phy DF OF 
 1 David Wolf               Colin Stuart             Dana Tyrell              35     1   2  2  
 2 Alex Friesen             Dan Catenacci            Micheal Haley            30     1   2  2  
 3 Mark Van Guilder         Anthony Camara           Danny Hobbs              22     1   2  2  
 4 Tim Spencer              Francis Wathier          Garrett Mitchell         13     1   2  2  

5 vs 5 Defense 
   Defense                  Defense                                           Time % Phy DF OF 
 1 Steve Eminger            Jerome Leduc                                      35     1   2  2  
 2 Mike Moore               Jani Hakanpaa                                     30     1   2  2  
 3 Jon Landry               Nick Tuzzolino                                    22     1   2  2  
 4 Mike Moore               Jani Hakanpaa                                     13     1   2  2  

PowerPlay Forward 
   Center                   Left Wing                Right Wing               Time % Phy DF OF 
 1 Dana Tyrell              Colin Stuart             Micheal Haley            60     1   2  2  
 2 Mark Van Guilder         David Wolf               Garrett Mitchell         40     1   2  2  

PowerPlay Defense
   Defense                  Defense                                           Time % Phy DF OF 
 1 Mike Moore               Jani Hakanpaa                                     60     1   2  2  
 2 Steve Eminger            Jerome Leduc                                      40     1   2  2  

Penalty Kill 4 Players Forward 
   Center                   Wing                     Time % Phy DF OF 
 1 Alex Friesen             Dana Tyrell              60     1   2  2  
 2 Mark Van Guilder         Micheal Haley            40     1   2  2  

Penalty Kill 4 Players Defense
   Defense                  Defense                  Time % Phy DF OF 
 1 Mike Moore               Jani Hakanpaa            60     1   2  2  
 2 Jerome Leduc             Jon Landry               40     1   2  2  

Penalty Kill - 3 Players Forward 
   Forward                                           Time % Phy DF OF 
 1 Colin Stuart                                      60     1   2  2  
 2 Dana Tyrell                                       40     1   2  2  

Penalty Kill - 3 Players Defense
   Defense                  Defense                  Time % Phy DF OF 
 1 Mike Moore               Jani Hakanpaa            60     1   2  2  
 2 Jerome Leduc             Jon Landry               40     1   2  2  

4 vs 4 Forward 
   Center                   Wing                     Time % Phy DF OF 
 1 David Wolf               Dana Tyrell              60     1   2  2  
 2 Mark Van Guilder         Micheal Haley            40     1   2  2  

4 vs 4 Defense
   Defense                  Defense                  Time % Phy DF OF 
 1 Mike Moore               Jani Hakanpaa            60     1   2  2  
 2 Jerome Leduc             Jon Landry               40     1   2  2  

Last Minutes Offensive
   Center                   Left Wing                Right Wing               Defense                  Defense                  
   Dana Tyrell              Colin Stuart             Micheal Haley            Mike Moore               Jani Hakanpaa            

Last Minutes Defensive
   Center                   Left Wing                Right Wing               Defense                  Defense                  
   Dana Tyrell              Colin Stuart             Micheal Haley            Mike Moore               Jani Hakanpaa            

Goaltenders
Starting : Jordan Binnington        
Backup : Doug Carr                

Extra Forwards
Normal : Dana Tyrell, Dan Catenacci, Alex Friesen - PP : Dana Tyrell, Dan Catenacci - PK : Alex Friesen
Extra Defensemen
Normal : Jani Hakanpaa, Jerome Leduc, Jon Landry - PP : Steve Eminger - PK : Jerome Leduc, Mike Moore
Penalty Shots
Colin Stuart, Dana Tyrell, Mark Van Guilder, Micheal Haley, David Wolf

Wolves

5 vs 5 Forward 
   Center                   Left Wing                Right Wing               Time % Phy DF OF 
 1 Joe Vitale               Joakim Nordstrom         Ryan Reaves              35     1   2  2  
 2 Colton Sissons           Blair Jones              Brian O'Neill            30     1   2  2  
 3 Sebastian Wannstrom      Joe Whitney              Marek Tvrdon             22     1   2  2  
 4 Kevin Lynch              Josh Anderson            Evan Rankin              13     1   2  2  

5 vs 5 Defense 
   Defense                  Defense                                           Time % Phy DF OF 
 1 Andre Benoit             Matt Donovan                                      35     1   2  2  
 2 Ryan Sproul              Joe Piskula                                       30     1   2  2  
 3 Adam Pelech              Eric Baier                                        22     1   2  2  
 4 Andre Benoit             Matt Donovan                                      13     1   2  2  

PowerPlay Forward 
   Center                   Left Wing                Right Wing               Time % Phy DF OF 
 1 Joe Vitale               Joakim Nordstrom         Ryan Reaves              60     1   2  2  
 2 Colton Sissons           Blair Jones              Brian O'Neill            40     1   2  2  

PowerPlay Defense
   Defense                  Defense                                           Time % Phy DF OF 
 1 Andre Benoit             Matt Donovan                                      60     1   2  2  
 2 Ryan Sproul              Joe Piskula                                       40     1   2  2  

Penalty Kill 4 Players Forward 
   Center                   Wing                     Time % Phy DF OF 
 1 Joe Vitale               Ryan Reaves              60     1   2  2  
 2 Joakim Nordstrom         Brian O'Neill            40     1   2  2  

Penalty Kill 4 Players Defense
   Defense                  Defense                  Time % Phy DF OF 
 1 Andre Benoit             Matt Donovan             60     1   2  2  
 2 Ryan Sproul              Joe Piskula              40     1   2  2  

Penalty Kill - 3 Players Forward 
   Forward                                           Time % Phy DF OF 
 1 Joe Vitale                                        60     1   2  2  
 2 Ryan Reaves                                       40     1   2  2  

Penalty Kill - 3 Players Defense
   Defense                  Defense                  Time % Phy DF OF 
 1 Andre Benoit             Matt Donovan             60     1   2  2  
 2 Ryan Sproul              Joe Piskula              40     1   2  2  

4 vs 4 Forward 
   Center                   Wing                     Time % Phy DF OF 
 1 Joe Vitale               Ryan Reaves              60     1   2  2  
 2 Joakim Nordstrom         Brian O'Neill            40     1   2  2  

4 vs 4 Defense
   Defense                  Defense                  Time % Phy DF OF 
 1 Andre Benoit             Matt Donovan             60     1   2  2  
 2 Ryan Sproul              Joe Piskula              40     1   2  2  

Last Minutes Offensive
   Center                   Left Wing                Right Wing               Defense                  Defense                  
   Joe Vitale               Joakim Nordstrom         Ryan Reaves              Andre Benoit             Matt Donovan             

Last Minutes Defensive
   Center                   Left Wing                Right Wing               Defense                  Defense                  
   Joe Vitale               Joakim Nordstrom         Ryan Reaves              Andre Benoit             Matt Donovan             

Goaltenders
Starting : Jared Coreau             
Backup : Evgeni Nabokov           

Extra Forwards
Normal : Joe Whitney, Marek Tvrdon, Evan Rankin - PP : Joe Whitney, Marek Tvrdon - PK : Evan Rankin
Extra Defensemen
Normal : Adam Pelech, Eric Baier, Ryan Sproul - PP : Adam Pelech - PK : Eric Baier, Ryan Sproul
Penalty Shots
Joe Vitale, Ryan Reaves, Joakim Nordstrom, Brian O'Neill, Colton Sissons

% Time on Ice - Wild

Lines # - Real PCT - Wanted PCT - Time Play
Normal Forward
1 - 30% - 35% - 15:11
2 - 22% - 30% - 11:13
3 - 28% - 22% - 14:08
4 - 19% - 13% - 9:37
Normal Defense
1 - 35% - 35% - 17:38
2 - 28% - 30% - 14:07
3 - 28% - 22% - 13:54
4 - 9% - 13% - 4:30
PP Forward
1 - 56% - 60% - 2:22
2 - 44% - 40% - 1:50
PP Defense
1 - 60% - 60% - 2:31
2 - 40% - 40% - 1:41
PK Forward
1 - 78% - 60% - 4:24
2 - 22% - 40% - 1:15
PK Defense
1 - 82% - 60% - 4:38
2 - 18% - 40% - 1:01
PK3 Forward
1 - 0% - 60%
2 - 0% - 40%
PK3 Defense
1 - 0% - 60%
2 - 0% - 40%
44 Forward
1 - 86% - 60% - 4:17
2 - 14% - 40% - 0:43
44 Defense
1 - 64% - 60% - 3:11
2 - 36% - 40% - 1:49
Last Minute Offensive  - 0:00
Last Minute Defensive  - 0:00
Total
Forward - 65:00
Defense - 65:00

% Time on Ice - Wolves

Lines # - Real PCT - Wanted PCT - Time Play
Normal Forward
1 - 33% - 35% - 16:32
2 - 24% - 30% - 12:08
3 - 21% - 22% - 10:30
4 - 22% - 13% - 10:59
Normal Defense
1 - 30% - 35% - 15:02
2 - 35% - 30% - 17:27
3 - 27% - 22% - 13:40
4 - 8% - 13% - 4:00
PP Forward
1 - 65% - 60% - 3:40
2 - 35% - 40% - 1:59
PP Defense
1 - 70% - 60% - 3:56
2 - 30% - 40% - 1:43
PK Forward
1 - 74% - 60% - 2:33
2 - 26% - 40% - 0:53
PK Defense
1 - 53% - 60% - 1:49
2 - 47% - 40% - 1:37
PK3 Forward
1 - 100% - 60% - 0:46
2 - 0% - 40% - 0:00
PK3 Defense
1 - 0% - 60% - 0:00
2 - 100% - 40% - 0:46
44 Forward
1 - 100% - 60% - 5:00
2 - 0% - 40% - 0:00
44 Defense
1 - 56% - 60% - 2:49
2 - 44% - 40% - 2:11
Last Minute Offensive  - 0:00
Last Minute Defensive  - 0:00
Total
Forward - 65:00
Defense - 65:00

Play by Play

1st period


0:01 of 1st period - Joe Vitale wins face-off versus David Wolf in neutral zone.
0:11 of 1st period - Minor Penalty to Ryan Reaves for Roughing.
0:12 of 1st period - Joe Vitale wins face-off versus Dana Tyrell in Wolves zone.
0:22 of 1st period - Matt Donovan is hit by Micheal Haley and loses puck.
1:10 of 1st period - Brian O'Neill is hit by Mark Van Guilder.
2:07 of 1st period - Brian O'Neill is hit by Garrett Mitchell and loses puck.
2:11 of 1st period - Penalty to Ryan Reaves is over, Ryan Reaves is back on ice.
2:35 of 1st period - Eric Baier and Steve Eminger fight to a draw.
2:35 of 1st period - Penalty to Eric Baier for Fighting.
2:35 of 1st period - Penalty to Steve Eminger for Fighting.
2:36 of 1st period - Sebastian Wannstrom wins face-off versus Mark Van Guilder in neutral zone.
2:59 of 1st period - Anthony Camara is hit by Sebastian Wannstrom and loses puck.
3:46 of 1st period - Jerome Leduc is hit by Evan Rankin and loses puck.
4:06 of 1st period - Slapshot by Joakim Nordstrom.
4:06 of 1st period - Stopped by Jordan Binnington with a rebound.
4:12 of 1st period - Slapshot by Joe Vitale.
4:12 of 1st period - Shot Misses the Net.
4:14 of 1st period - Snap shot by Joe Vitale.
4:14 of 1st period - Stopped by Jordan Binnington with a rebound.
4:16 of 1st period - Slapshot by Adam Pelech.
4:16 of 1st period - Shot Misses the Net.
4:18 of 1st period - Snap shot by Joakim Nordstrom.
4:18 of 1st period - Shot Blocked by Jerome Leduc.
4:19 of 1st period - Jani Hakanpaa beats up Ryan Reaves.
4:19 of 1st period - Penalty to Ryan Reaves for Fighting.
4:19 of 1st period - Penalty to Jani Hakanpaa for Fighting.
4:20 of 1st period - Colton Sissons wins face-off versus Alex Friesen in Wild zone.
4:27 of 1st period - Minor Penalty to Alex Friesen for Hooking.
4:28 of 1st period - Dan Catenacci wins face-off versus Joe Whitney in Wild zone.
4:56 of 1st period - Snap shot by Andre Benoit.
4:56 of 1st period - Shot Blocked by Mike Moore.
5:02 of 1st period - Snap shot by Joe Vitale.
5:02 of 1st period - Deflect By Joe Whitney.
5:02 of 1st period - Stopped by Jordan Binnington with a rebound.
5:04 of 1st period - Slapshot by Matt Donovan.
5:04 of 1st period - Stopped by Jordan Binnington with a rebound.
5:35 of 1st period - Mike Moore is hit by Colton Sissons and loses puck.
6:04 of 1st period - Slapshot by Joe Vitale.
6:04 of 1st period - Stopped by Jordan Binnington with a rebound.
6:15 of 1st period - Joe Vitale is hit by Mike Moore.
6:27 of 1st period - Penalty to Alex Friesen is over, Alex Friesen is back on ice.
6:30 of 1st period - Off-side.
6:31 of 1st period - Marek Tvrdon wins face-off versus Tim Spencer in neutral zone.
8:10 of 1st period - Icing by Adam Pelech.
8:11 of 1st period - Colton Sissons wins face-off versus David Wolf in Wolves zone.
9:06 of 1st period - Garrett Mitchell is hit by Adam Pelech and loses puck.
9:22 of 1st period - Matt Donovan is hit by Francis Wathier and loses puck.
10:28 of 1st period - Blair Jones is hit by Jon Landry.
11:02 of 1st period - David Wolf is hit by Kevin Lynch and loses puck.
11:33 of 1st period - Jerome Leduc is hit by Josh Anderson and loses puck.
12:00 of 1st period - Garrett Mitchell is hit by Matt Donovan and loses puck.
12:16 of 1st period - Slapshot by Matt Donovan.
12:16 of 1st period - Shot Misses the Net.
12:18 of 1st period - Slapshot by Matt Donovan.
12:18 of 1st period - Shot Blocked by Francis Wathier.
12:20 of 1st period - Wrist shot by Marek Tvrdon.
12:20 of 1st period - Stopped by Jordan Binnington with a rebound.
12:22 of 1st period - Snap shot by Matt Donovan.
12:22 of 1st period - Stopped by Jordan Binnington with a rebound.
12:24 of 1st period - Wrist shot by Matt Donovan.
12:24 of 1st period - Shot Misses the Net.
12:26 of 1st period - Slapshot by Andre Benoit.
12:26 of 1st period - Stopped by Jordan Binnington without a rebound.
12:27 of 1st period - David Wolf wins face-off versus Colton Sissons in Wild zone.
12:27 of 1st period - David Wolf is hit by Eric Baier.
12:56 of 1st period - Slapshot by Brian O'Neill.
12:56 of 1st period - Deflect By Colton Sissons.
12:56 of 1st period - Shot Misses the Net.
12:56 of 1st period - Puck is out of play.
12:57 of 1st period - Joe Vitale wins face-off versus Alex Friesen in Wild zone.
13:22 of 1st period - Joe Vitale is hit by Alex Friesen and loses puck.
13:59 of 1st period - Wrist shot by Joe Whitney.
13:59 of 1st period - Stopped by Jordan Binnington without a rebound.
14:00 of 1st period - Colton Sissons wins face-off versus David Wolf in Wild zone.
14:23 of 1st period - Snap shot by Colin Stuart.
14:23 of 1st period - Stopped by Jared Coreau with a rebound.
14:37 of 1st period - Snap shot by Andre Benoit.
14:37 of 1st period - Shot Blocked by Steve Eminger.
14:53 of 1st period - Ryan Reaves is hit by Tim Spencer and loses puck.
15:48 of 1st period - Snap shot by Dan Catenacci.
15:48 of 1st period - Stopped by Jared Coreau with a rebound.
15:50 of 1st period - Slapshot by Micheal Haley.
15:50 of 1st period - Stopped by Jared Coreau with a rebound.
15:56 of 1st period - Slapshot by Micheal Haley.
15:56 of 1st period - Stopped by Jared Coreau with a rebound.
16:11 of 1st period - Sebastian Wannstrom is hit by Nick Tuzzolino and loses puck.
16:43 of 1st period - Slapshot by Josh Anderson.
16:43 of 1st period - Stopped by Jordan Binnington with a rebound.
16:45 of 1st period - Slapshot by Ryan Sproul.
16:45 of 1st period - Shot Misses the Net.
17:05 of 1st period - Wrist shot by David Wolf.
17:05 of 1st period - Stopped by Jared Coreau without a rebound.
17:06 of 1st period - David Wolf wins face-off versus Joe Vitale in Wolves zone.
17:09 of 1st period - Backhand shot by Colin Stuart.
17:09 of 1st period - Stopped by Jared Coreau without a rebound.
17:10 of 1st period - Joe Vitale wins face-off versus David Wolf in Wolves zone.
17:14 of 1st period - Off-side.
17:15 of 1st period - Joe Vitale wins face-off versus Alex Friesen in neutral zone.
17:17 of 1st period - Minor Penalty to Nick Tuzzolino for Hooking.
17:18 of 1st period - Joe Vitale wins face-off versus Alex Friesen in Wild zone.
17:40 of 1st period - Mike Moore is hit by Ryan Reaves and loses puck.
17:52 of 1st period - Ryan Sproul is hit by Jani Hakanpaa and loses puck.
18:10 of 1st period - Jani Hakanpaa is hit by Blair Jones and loses puck.
18:56 of 1st period - Slapshot by Joakim Nordstrom.
18:56 of 1st period - Shot Misses the Net.
18:58 of 1st period - Wrist shot by Joakim Nordstrom.
18:58 of 1st period - Goal by Joakim Nordstrom - Wild : 0 - Wolves : 1.
18:59 of 1st period - Sebastian Wannstrom wins face-off versus Mark Van Guilder in neutral zone.
19:09 of 1st period - Minor Penalty to Steve Eminger for High sticking.
19:10 of 1st period - Alex Friesen wins face-off versus Joe Vitale in Wild zone.
19:10 of 1st period - Alex Friesen is hit by Ryan Reaves.
19:19 of 1st period - Alex Friesen is hit by Ryan Reaves and loses puck.
19:28 of 1st period - Wrist shot by Joakim Nordstrom.
19:28 of 1st period - Shot Misses the Net.
19:30 of 1st period - Slapshot by Joe Vitale.
19:30 of 1st period - Shot Misses the Net.
19:52 of 1st period - Snap shot by Alex Friesen.
19:52 of 1st period - Shot Misses the Net.
19:54 of 1st period - Slapshot by Alex Friesen.
19:54 of 1st period - Shot Blocked by Joe Vitale.
19:56 of 1st period - Snap shot by Dana Tyrell.
19:56 of 1st period - Shot Misses the Net.
19:58 of 1st period - Slapshot by Jerome Leduc.
19:58 of 1st period - Stopped by Jared Coreau with a rebound.
Goals for this period are 0 for Wild vs 1 for Wolves.
Shots for this period are 7 for Wild vs 11 for Wolves.

2nd period


0:01 of 2nd period - Alex Friesen wins face-off versus Ryan Reaves in neutral zone.
1:07 of 2nd period - Wrist shot by Joe Piskula.
1:07 of 2nd period - Stopped by Jordan Binnington with a rebound.
1:09 of 2nd period - Penalty to Steve Eminger is over, Steve Eminger is back on ice.
2:34 of 2nd period - Wrist shot by Danny Hobbs.
2:34 of 2nd period - Shot Misses the Net.
2:36 of 2nd period - Slapshot by Nick Tuzzolino.
2:36 of 2nd period - Stopped by Jared Coreau without a rebound.
2:37 of 2nd period - Joe Vitale wins face-off versus Tim Spencer in Wolves zone.
2:53 of 2nd period - Wrist shot by Garrett Mitchell.
2:53 of 2nd period - Shot Blocked by Andre Benoit.
3:36 of 2nd period - Jerome Leduc is hit by Blair Jones and loses puck.
4:05 of 2nd period - Joe Whitney is hit by Steve Eminger and loses puck.
5:06 of 2nd period - Snap shot by Colin Stuart.
5:06 of 2nd period - Shot Blocked by Kevin Lynch.
5:39 of 2nd period - Slapshot by Jerome Leduc.
5:39 of 2nd period - Stopped by Jared Coreau without a rebound.
5:40 of 2nd period - Joe Vitale wins face-off versus Danny Hobbs in Wolves zone.
6:03 of 2nd period - Colin Stuart is hit by Joakim Nordstrom and loses puck.
6:08 of 2nd period - Slapshot by Joe Vitale.
6:08 of 2nd period - Shot Misses the Net.
6:10 of 2nd period - Wrist shot by Andre Benoit.
6:10 of 2nd period - Deflect By Joe Vitale.
6:10 of 2nd period - Shot Misses the Net.
6:10 of 2nd period - Puck is out of play.
6:11 of 2nd period - Colton Sissons wins face-off versus David Wolf in Wild zone.
6:34 of 2nd period - Icing by Andre Benoit.
6:35 of 2nd period - Colton Sissons wins face-off versus Tim Spencer in Wolves zone.
6:47 of 2nd period - Snap shot by Garrett Mitchell.
6:47 of 2nd period - Shot Blocked by Andre Benoit.
6:49 of 2nd period - Slapshot by Jon Landry.
6:49 of 2nd period - Stopped by Jared Coreau without a rebound.
6:50 of 2nd period - Joe Vitale wins face-off versus Alex Friesen in Wolves zone.
6:50 of 2nd period - Joe Vitale is hit by Jon Landry.
7:46 of 2nd period - Slapshot by Joe Whitney.
7:46 of 2nd period - Stopped by Jordan Binnington with a rebound.
8:00 of 2nd period - Snap shot by Joe Whitney.
8:00 of 2nd period - Shot Misses the Net.
8:02 of 2nd period - Slapshot by Andre Benoit.
8:02 of 2nd period - Deflect By Francis Wathier.
8:02 of 2nd period - Stopped by Jordan Binnington without a rebound.
8:03 of 2nd period - Colton Sissons wins face-off versus Mark Van Guilder in Wild zone.
8:12 of 2nd period - Slapshot by Jerome Leduc.
8:12 of 2nd period - Shot Blocked by Eric Baier.
8:14 of 2nd period - Wrist shot by Anthony Camara.
8:14 of 2nd period - Shot Misses the Net.
8:16 of 2nd period - Slapshot by Mark Van Guilder.
8:16 of 2nd period - Shot Misses the Net.
8:24 of 2nd period - Wrist shot by Danny Hobbs.
8:24 of 2nd period - Stopped by Jared Coreau without a rebound.
8:25 of 2nd period - David Wolf wins face-off versus Kevin Lynch in Wolves zone.
9:29 of 2nd period - Dan Catenacci is hit by Ryan Reaves and loses puck.
9:42 of 2nd period - Snap shot by Joe Vitale.
9:42 of 2nd period - Shot Misses the Net.
10:09 of 2nd period - Wrist shot by Colton Sissons.
10:09 of 2nd period - Stopped by Jordan Binnington with a rebound.
10:11 of 2nd period - Snap shot by Blair Jones.
10:11 of 2nd period - Stopped by Jordan Binnington without a rebound.
10:12 of 2nd period - Sebastian Wannstrom wins face-off versus Mark Van Guilder in Wild zone.
10:38 of 2nd period - Off-side.
10:39 of 2nd period - David Wolf wins face-off versus Colton Sissons in neutral zone.
10:42 of 2nd period - Snap shot by Colin Stuart.
10:42 of 2nd period - Stopped by Jared Coreau without a rebound.
10:43 of 2nd period - Colton Sissons wins face-off versus David Wolf in Wolves zone.
10:43 of 2nd period - Colton Sissons is hit by Nick Tuzzolino.
11:10 of 2nd period - Slapshot by David Wolf.
11:10 of 2nd period - Stopped by Jared Coreau with a rebound.
11:16 of 2nd period - Wrist shot by David Wolf.
11:16 of 2nd period - Stopped by Jared Coreau without a rebound.
11:17 of 2nd period - Joe Vitale wins face-off versus Mark Van Guilder in Wolves zone.
11:38 of 2nd period - Snap shot by Danny Hobbs.
11:38 of 2nd period - Stopped by Jared Coreau with a rebound.
12:24 of 2nd period - Slapshot by Garrett Mitchell.
12:24 of 2nd period - Stopped by Jared Coreau with a rebound.
12:26 of 2nd period - Snap shot by Garrett Mitchell.
12:26 of 2nd period - Stopped by Jared Coreau without a rebound.
12:27 of 2nd period - Brian O'Neill wins face-off versus David Wolf in Wolves zone.
12:29 of 2nd period - Joe Piskula and Jon Landry fight to a draw.
12:29 of 2nd period - Penalty to Joe Piskula for Fighting.
12:29 of 2nd period - Penalty to Jon Landry for Fighting.
12:30 of 2nd period - David Wolf wins face-off versus Joe Vitale in neutral zone.
12:39 of 2nd period - Slapshot by Colin Stuart.
12:39 of 2nd period - Shot Misses the Net.
12:41 of 2nd period - Wrist shot by Dana Tyrell.
12:41 of 2nd period - Deflect By Colin Stuart.
12:41 of 2nd period - Shot Misses the Net.
12:41 of 2nd period - Puck is out of play.
12:42 of 2nd period - David Wolf wins face-off versus Joe Vitale in Wolves zone.
12:47 of 2nd period - Slapshot by Colin Stuart.
12:47 of 2nd period - Shot Misses the Net.
13:07 of 2nd period - Snap shot by Colin Stuart.
13:07 of 2nd period - Shot Misses the Net.
13:16 of 2nd period - Wrist shot by Dana Tyrell.
13:16 of 2nd period - Shot Misses the Net.
13:54 of 2nd period - Snap shot by Alex Friesen.
13:54 of 2nd period - Stopped by Jared Coreau without a rebound.
13:55 of 2nd period - Mark Van Guilder wins face-off versus Colton Sissons in Wolves zone.
13:58 of 2nd period - Slapshot by Danny Hobbs.
13:58 of 2nd period - Shot Misses the Net.
14:48 of 2nd period - Joe Whitney is hit by Nick Tuzzolino and loses puck.
14:55 of 2nd period - Anthony Camara is hit by Marek Tvrdon and loses puck.
15:04 of 2nd period - Slapshot by Joe Whitney.
15:04 of 2nd period - Shot Blocked by Nick Tuzzolino.
15:29 of 2nd period - Minor Penalty to Adam Pelech for Tripping.
15:30 of 2nd period - Joe Vitale wins face-off versus Dana Tyrell in Wolves zone.
15:30 of 2nd period - Joe Vitale is hit by Micheal Haley.
15:49 of 2nd period - Andre Benoit is hit by Dana Tyrell and loses puck.
16:42 of 2nd period - Minor Penalty to Blair Jones for Roughing.
16:43 of 2nd period - Joe Vitale wins face-off versus Dana Tyrell in Wolves zone.
17:29 of 2nd period - Penalty to Joe Piskula is over, Joe Piskula is back on ice.
17:29 of 2nd period - Penalty to Adam Pelech is over, Adam Pelech is back on ice.
17:40 of 2nd period - Snap shot by Colin Stuart.
17:40 of 2nd period - Shot Misses the Net.
17:42 of 2nd period - Slapshot by Jerome Leduc.
17:42 of 2nd period - Deflect By Colin Stuart.
17:42 of 2nd period - Goal by Colin Stuart - Wild : 1 - Wolves : 1.
17:43 of 2nd period - Tim Spencer wins face-off versus Colton Sissons in neutral zone.
18:06 of 2nd period - Snap shot by Francis Wathier.
18:06 of 2nd period - Shot Hit the Post.
18:48 of 2nd period - Wrist shot by Joe Whitney.
18:48 of 2nd period - Deflect By Marek Tvrdon.
18:48 of 2nd period - Shot Misses the Net.
18:48 of 2nd period - Puck is out of play.
18:49 of 2nd period - David Wolf wins face-off versus Kevin Lynch in Wild zone.
19:10 of 2nd period - Snap shot by David Wolf.
19:10 of 2nd period - Stopped by Jared Coreau with a rebound.
19:12 of 2nd period - Slapshot by Mike Moore.
19:12 of 2nd period - Deflect By Evan Rankin.
19:12 of 2nd period - Stopped by Jared Coreau with a rebound.
19:23 of 2nd period - Snap shot by Colin Stuart.
19:23 of 2nd period - Stopped by Jared Coreau with a rebound.
19:25 of 2nd period - Slapshot by Jani Hakanpaa.
19:25 of 2nd period - Shot Blocked by Kevin Lynch.
19:42 of 2nd period - Joe Piskula and Steve Eminger fight to a draw.
19:42 of 2nd period - Penalty to Joe Piskula for Fighting.
19:42 of 2nd period - Penalty to Steve Eminger for Fighting.
19:43 of 2nd period - Joe Vitale wins face-off versus Alex Friesen in Wolves zone.
19:43 of 2nd period - Joe Vitale is hit by Micheal Haley.
19:44 of 2nd period - Joe Vitale from Wolves is injured at 19:44 of 2nd period (Abdominal Strain).
19:45 of 2nd period - Joe Whitney wins face-off versus David Wolf in Wolves zone.
19:49 of 2nd period - Ryan Reaves and Jani Hakanpaa fight to a draw.
19:49 of 2nd period - Penalty to Ryan Reaves for Fighting.
19:49 of 2nd period - Penalty to Jani Hakanpaa for Fighting.
19:50 of 2nd period - Joe Whitney wins face-off versus Dana Tyrell in Wild zone.
Goals for this period are 1 for Wild vs 0 for Wolves.
Shots for this period are 15 for Wild vs 5 for Wolves.

3rd period


0:01 of 3rd period - David Wolf wins face-off versus Joe Whitney in neutral zone.
0:56 of 3rd period - Blair Jones is hit by Mike Moore and loses puck.
1:19 of 3rd period - Dan Catenacci is hit by Colton Sissons and loses puck.
1:44 of 3rd period - Mark Van Guilder is hit by Ryan Sproul and loses puck.
3:44 of 3rd period - Micheal Haley is hit by Eric Baier.
3:58 of 3rd period - Snap shot by Evan Rankin.
3:58 of 3rd period - Stopped by Jordan Binnington with a rebound.
4:00 of 3rd period - Slapshot by Eric Baier.
4:00 of 3rd period - Shot Blocked by Alex Friesen.
4:02 of 3rd period - Wrist shot by Eric Baier.
4:02 of 3rd period - Shot Hit the Post.
4:04 of 3rd period - Slapshot by Ryan Sproul.
4:04 of 3rd period - Shot Misses the Net.
4:47 of 3rd period - Colton Sissons is hit by Anthony Camara and loses puck.
5:30 of 3rd period - Eric Baier is hit by Nick Tuzzolino and loses puck.
5:41 of 3rd period - Jani Hakanpaa is hit by Adam Pelech and loses puck.
6:04 of 3rd period - Wrist shot by Ryan Reaves.
6:04 of 3rd period - Shot Misses the Net.
6:21 of 3rd period - Jerome Leduc is hit by Ryan Reaves and loses puck.
6:50 of 3rd period - Off-side.
6:51 of 3rd period - Tim Spencer wins face-off versus Colton Sissons in neutral zone.
6:54 of 3rd period - Matt Donovan is hit by Garrett Mitchell and loses puck.
7:11 of 3rd period - Marek Tvrdon is hit by David Wolf and loses puck.
7:38 of 3rd period - Wrist shot by Evan Rankin.
7:38 of 3rd period - Stopped by Jordan Binnington with a rebound.
7:49 of 3rd period - Icing by Ryan Sproul.
7:50 of 3rd period - Mark Van Guilder wins face-off versus Kevin Lynch in Wolves zone.
8:16 of 3rd period - Snap shot by Joe Whitney.
8:16 of 3rd period - Shot Misses the Net.
9:10 of 3rd period - Snap shot by Ryan Reaves.
9:10 of 3rd period - Shot Misses the Net.
9:16 of 3rd period - Wrist shot by Joakim Nordstrom.
9:16 of 3rd period - Deflect By Ryan Reaves.
9:16 of 3rd period - Shot Misses the Net.
9:16 of 3rd period - Puck is out of play.
9:17 of 3rd period - Kevin Lynch wins face-off versus Tim Spencer in Wild zone.
9:26 of 3rd period - Francis Wathier is hit by Joe Piskula and loses puck.
9:41 of 3rd period - Jani Hakanpaa is hit by Joe Piskula and loses puck.
9:56 of 3rd period - Off-side.
9:57 of 3rd period - Mark Van Guilder wins face-off versus Sebastian Wannstrom in neutral zone.
10:18 of 3rd period - Wrist shot by Mark Van Guilder.
10:18 of 3rd period - Shot Misses the Net.
10:42 of 3rd period - Snap shot by Joakim Nordstrom.
10:42 of 3rd period - Shot Blocked by Alex Friesen.
10:44 of 3rd period - Snap shot by Joakim Nordstrom.
10:44 of 3rd period - Stopped by Jordan Binnington without a rebound.
10:45 of 3rd period - Micheal Haley wins face-off versus Blair Jones in Wild zone.
10:45 of 3rd period - Micheal Haley is hit by Ryan Reaves.
10:53 of 3rd period - Ryan Reaves is hit by Alex Friesen and loses puck.
11:08 of 3rd period - Wrist shot by Evan Rankin.
11:08 of 3rd period - Shot Misses the Net.
11:10 of 3rd period - Slapshot by Evan Rankin.
11:10 of 3rd period - Stopped by Jordan Binnington with a rebound.
11:12 of 3rd period - Slapshot by Matt Donovan.
11:12 of 3rd period - Stopped by Jordan Binnington with a rebound.
11:29 of 3rd period - Off-side.
11:30 of 3rd period - David Wolf wins face-off versus Sebastian Wannstrom in neutral zone.
11:39 of 3rd period - Icing by Joe Piskula.
11:40 of 3rd period - David Wolf wins face-off versus Sebastian Wannstrom in Wolves zone.
11:41 of 3rd period - Slapshot by Colin Stuart.
11:41 of 3rd period - Shot Blocked by Ryan Sproul.
11:51 of 3rd period - Slapshot by Joe Whitney.
11:51 of 3rd period - Shot Misses the Net.
11:53 of 3rd period - Slapshot by Marek Tvrdon.
11:53 of 3rd period - Shot Misses the Net.
11:55 of 3rd period - Slapshot by Joe Piskula.
11:55 of 3rd period - Stopped by Jordan Binnington with a rebound.
11:57 of 3rd period - Wrist shot by Joe Whitney.
11:57 of 3rd period - Stopped by Jordan Binnington with a rebound.
12:20 of 3rd period - Snap shot by Ryan Reaves.
12:20 of 3rd period - Stopped by Jordan Binnington without a rebound.
12:21 of 3rd period - Evan Rankin wins face-off versus Mark Van Guilder in Wild zone.
13:14 of 3rd period - Snap shot by Alex Friesen.
13:14 of 3rd period - Stopped by Jared Coreau without a rebound.
13:15 of 3rd period - Kevin Lynch wins face-off versus Alex Friesen in Wolves zone.
13:46 of 3rd period - Matt Donovan is hit by Dan Catenacci and loses puck.
13:57 of 3rd period - Snap shot by Joe Whitney.
13:57 of 3rd period - Shot Misses the Net.
13:59 of 3rd period - Snap shot by Joe Whitney.
13:59 of 3rd period - Stopped by Jordan Binnington without a rebound.
14:00 of 3rd period - Colin Stuart wins face-off versus Joe Whitney in Wild zone.
14:00 of 3rd period - Colin Stuart is hit by Joe Piskula.
14:06 of 3rd period - Slapshot by David Wolf.
14:06 of 3rd period - Shot Blocked by Ryan Reaves.
14:08 of 3rd period - Slapshot by Jerome Leduc.
14:08 of 3rd period - Shot Blocked by Joe Piskula.
14:10 of 3rd period - Snap shot by Colin Stuart.
14:10 of 3rd period - Stopped by Jared Coreau with a rebound.
14:12 of 3rd period - Slapshot by Dana Tyrell.
14:12 of 3rd period - Shot Misses the Net.
14:14 of 3rd period - Slapshot by Jerome Leduc.
14:14 of 3rd period - Shot Misses the Net.
14:16 of 3rd period - Wrist shot by Colin Stuart.
14:16 of 3rd period - Shot Misses the Net.
14:18 of 3rd period - Wrist shot by David Wolf.
14:18 of 3rd period - Stopped by Jared Coreau with a rebound.
14:20 of 3rd period - Snap shot by David Wolf.
14:20 of 3rd period - Stopped by Jared Coreau with a rebound.
14:22 of 3rd period - Slapshot by Jerome Leduc.
14:22 of 3rd period - Stopped by Jared Coreau without a rebound.
14:23 of 3rd period - Mark Van Guilder wins face-off versus Colton Sissons in Wolves zone.
14:36 of 3rd period - Snap shot by Colton Sissons.
14:36 of 3rd period - Shot Blocked by Jon Landry.
15:17 of 3rd period - Wrist shot by David Wolf.
15:17 of 3rd period - Stopped by Jared Coreau with a rebound.
15:19 of 3rd period - Slapshot by Jerome Leduc.
15:19 of 3rd period - Shot Misses the Net.
15:22 of 3rd period - Ryan Reaves beats up Colin Stuart.
15:22 of 3rd period - Penalty to Ryan Reaves for Fighting.
15:22 of 3rd period - Ryan Reaves is ejected from game.
15:22 of 3rd period - Penalty to Colin Stuart for Fighting.
15:23 of 3rd period - Micheal Haley wins face-off versus Joe Whitney in Wolves zone.
15:32 of 3rd period - Wrist shot by Joakim Nordstrom.
15:32 of 3rd period - Stopped by Jordan Binnington with a rebound.
15:34 of 3rd period - Slapshot by Andre Benoit.
15:34 of 3rd period - Shot Blocked by Steve Eminger.
15:38 of 3rd period - Snap shot by Joakim Nordstrom.
15:38 of 3rd period - Shot Misses the Net.
15:44 of 3rd period - Snap shot by Joe Whitney.
15:44 of 3rd period - Stopped by Jordan Binnington with a rebound.
15:46 of 3rd period - Wrist shot by Marek Tvrdon.
15:46 of 3rd period - Stopped by Jordan Binnington without a rebound.
15:47 of 3rd period - Colton Sissons wins face-off versus David Wolf in Wild zone.
15:48 of 3rd period - Backhand shot by Blair Jones.
15:48 of 3rd period - Stopped by Jordan Binnington with a rebound.
16:15 of 3rd period - Jani Hakanpaa is hit by Brian O'Neill and loses puck.
16:34 of 3rd period - Jani Hakanpaa is hit by Marek Tvrdon and loses puck.
16:47 of 3rd period - Marek Tvrdon is hit by Danny Hobbs and loses puck.
17:13 of 3rd period - Off-side.
17:14 of 3rd period - Tim Spencer wins face-off versus Kevin Lynch in neutral zone.
17:25 of 3rd period - Garrett Mitchell is hit by Evan Rankin and loses puck.
18:18 of 3rd period - Icing by Colton Sissons.
18:19 of 3rd period - David Wolf wins face-off versus Colton Sissons in Wolves zone.
18:23 of 3rd period - Icing by Andre Benoit.
18:24 of 3rd period - David Wolf wins face-off versus Colton Sissons in Wolves zone.
18:25 of 3rd period - Snap shot by Dan Catenacci.
18:25 of 3rd period - Deflect By David Wolf.
18:25 of 3rd period - Stopped by Jared Coreau without a rebound.
18:26 of 3rd period - Joe Whitney wins face-off versus David Wolf in Wolves zone.
18:31 of 3rd period - Wrist shot by Dan Catenacci.
18:31 of 3rd period - Stopped by Jared Coreau with a rebound.
18:33 of 3rd period - Wrist shot by Dan Catenacci.
18:33 of 3rd period - Stopped by Jared Coreau with a rebound.
19:11 of 3rd period - Mark Van Guilder is hit by Joe Whitney and loses puck.
Goals for this period are 0 for Wild vs 0 for Wolves.
Shots for this period are 9 for Wild vs 13 for Wolves.

Overtime #1


0:01 of 1st overtime period - Joe Whitney wins face-off versus David Wolf in neutral zone.
0:17 of 1st overtime period - Andre Benoit is hit by Jani Hakanpaa and loses puck.
0:22 of 1st overtime period - Penalty to Ryan Reaves is over, Evan Rankin is send on ice.
0:22 of 1st overtime period - Penalty to Colin Stuart is over, Colin Stuart is back on ice.
0:24 of 1st overtime period - Wrist shot by David Wolf.
0:24 of 1st overtime period - Shot Misses the Net.
0:26 of 1st overtime period - Slapshot by Jani Hakanpaa.
0:26 of 1st overtime period - Deflect By Colin Stuart.
0:26 of 1st overtime period - Shot Blocked by Andre Benoit.
0:26 of 1st overtime period - Puck is out of play.
0:27 of 1st overtime period - Joe Whitney wins face-off versus David Wolf in Wolves zone.
0:38 of 1st overtime period - Slapshot by Matt Donovan.
0:38 of 1st overtime period - Stopped by Jordan Binnington with a rebound.
1:02 of 1st overtime period - Andre Benoit is hit by David Wolf.
1:42 of 1st overtime period - Snap shot by Alex Friesen.
1:42 of 1st overtime period - Shot Misses the Net.
2:29 of 1st overtime period - Wrist shot by Blair Jones.
2:29 of 1st overtime period - Shot Misses the Net.
2:31 of 1st overtime period - Slapshot by Joe Piskula.
2:31 of 1st overtime period - Deflect By Joe Whitney.
2:31 of 1st overtime period - Shot Blocked by Jon Landry.
2:31 of 1st overtime period - Puck is out of play.
2:32 of 1st overtime period - Dan Catenacci wins face-off versus Blair Jones in Wild zone.
3:11 of 1st overtime period - Andre Benoit is hit by Dan Catenacci and loses puck.
4:51 of 1st overtime period - Matt Donovan is hit by Jani Hakanpaa and loses puck.
Goals for this period are 0 for Wild vs 0 for Wolves.
Shots for this period are 0 for Wild vs 1 for Wolves.

ShootOut


5:00 of 1st overtime period - Penalty Shot by Colin Stuart for Wild.
5:00 of 1st overtime period - Deke by Colin Stuart.
5:00 of 1st overtime period - Stopped by Jared Coreau.
5:00 of 1st overtime period - Penalty Shot by Colton Sissons for Wolves.
5:00 of 1st overtime period - Wrist shot by Colton Sissons.
5:00 of 1st overtime period - Stopped by Jordan Binnington.
5:00 of 1st overtime period - Penalty Shot by Dana Tyrell for Wild.
5:00 of 1st overtime period - Backhand shot by Dana Tyrell.
5:00 of 1st overtime period - Stopped by Jared Coreau.
5:00 of 1st overtime period - Penalty Shot by Joe Whitney for Wolves.
5:00 of 1st overtime period - Snap shot by Joe Whitney.
5:00 of 1st overtime period - Stopped by Jordan Binnington.
5:00 of 1st overtime period - Penalty Shot by Mark Van Guilder for Wild.
5:00 of 1st overtime period - Deke by Mark Van Guilder.
5:00 of 1st overtime period - Stopped by Jared Coreau.
5:00 of 1st overtime period - Penalty Shot by Joakim Nordstrom for Wolves.
5:00 of 1st overtime period - Wrist shot by Joakim Nordstrom.
5:00 of 1st overtime period - Stopped by Jordan Binnington.
5:00 of 1st overtime period - Penalty Shot by Micheal Haley for Wild.
5:00 of 1st overtime period - Deke by Micheal Haley.
5:00 of 1st overtime period - Goal by Micheal Haley.
5:00 of 1st overtime period - Penalty Shot by Brian O'Neill for Wolves.
5:00 of 1st overtime period - Snap shot by Brian O'Neill.
5:00 of 1st overtime period - Goal by Brian O'Neill.
5:00 of 1st overtime period - Penalty Shot by David Wolf for Wild.
5:00 of 1st overtime period - Backhand shot by David Wolf.
5:00 of 1st overtime period - Goal by David Wolf.
5:00 of 1st overtime period - Penalty Shot by Evan Rankin for Wolves.
5:00 of 1st overtime period - Backhand shot by Evan Rankin.
5:00 of 1st overtime period - Stopped by Jordan Binnington.